 Dungeon Crawl Stone Soup version 0.30-a0-639-g3916f1956a (webtiles) character file.

Game seed: 4837672977018454128

331 ragingrage the Shooter (level 6, -1/66 HPs)
             Began as a Demonspawn Hunter on Jan 15, 2023.
             Slain by a scorpion (4 damage)
             ... on level 4 of the Dungeon.
             The game lasted 00:03:16 (3263 turns).

ragingrage the Shooter (Demonspawn Hunter)          Turns: 3263, Time: 00:03:17

Health: -1/66      AC: 23    Str:  9    XL:     6   Next: 26%
Magic:  6/6        EV:  2    Int: 13    God:
Gold:   143        SH:  0    Dex: 22    Spells: 5/5 levels left

rFire   . . .      SeeInvis .    a - +0 shortbow
rCold   . . .      Faith    .    (shield currently unavailable)
rNeg    . . .      Spirit   .    (body armour currently unavailable)
rPois   +          Reflect  .    (helmet currently unavailable)
rElec   .          Harm     .    (cloak currently unavailable)
rCorr   .          Rampage  .    (gloves currently unavailable)
Will    .....      NoTele   +    (boots currently unavailable)
Stlth   +++                      (no amulet)
HPRegen 0.31/turn                (no ring)
MPRegen 0.20/turn                (no ring)

@: lethally poisoned (-1 -> -5), tree-form
A: stationary, stasis, torment immunity, boosted hp, (large bone plates 1),
powered by pain 1, magic regeneration, (antennae 1), agile 1, clever 1,
(deformed body)
a: no special abilities


You were on level 4 of the Dungeon.
You were a tree.
You visited 1 branch of the dungeon, and saw 4 of its levels.

You collected 143 gold pieces.

Inventory:

Hand Weapons
 a - a +0 shortbow (weapon)
 o - a +0 rapier
Armour
 c - a +0 leather armour (melded)
 k - a +1 pair of gloves (melded)
Magical Staves
 l - a staff of fire
Wands
 q - a wand of digging (5)
Scrolls
 b - 2 scrolls of immolation
 d - a scroll of enchant armour {unknown}
 e - a scroll of identify {unknown}
 j - a scroll of magic mapping
 m - a scroll of fear {unknown}
 n - a scroll of blinking {unknown}
 p - a scroll of enchant weapon {unknown}
Potions
 g - a potion of flight {unknown}
 h - a potion of curing {unknown}
 i - a potion of mutation


   Skills:
 - Level 2.0 Fighting
 + Level 5.8 Ranged Weapons
 - Level 1.7 Dodging
 - Level 4.0 Stealth


You had 5 spell levels left.
You didn't know any spells.
Your spell library contained the following spells:

 Spells                   Type           Power      Damage    Failure   Level
 Beastly Appendage        Tmut           0%         N/A       30%         1
 Wereblood                Tmut           0%         N/A       43%         2
 Spider Form              Tmut/Pois      0%         N/A       67%         3


Dungeon Overview and Level Annotations

Branches:
Dungeon (4/15)
 Temple: D:4-7

Altars:
Vehumet

Annotations:
D:3 3 runed translucent doors, timneilson's ghost, weakling DsGl


Innate Abilities, Weirdness & Mutations

You are a tree.
Your roots penetrate the ground, keeping you stationary.
You cannot be teleported.
You are immune to unholy pain and torment.
Your maximum health is greatly increased.
Your equipment is partially melded.
((You are partially covered in large bone plates. (SH +4)))
You sometimes gain a little power by taking damage.
You regenerate magic rapidly.
((You have a pair of small antennae on your head.))
You are agile. (Dex +4, Str/Int -1)
Your mind is acute. (Int +4, Str/Dex -1)
((Armour fits poorly on your strangely shaped body.))


Message History

The arrow hits the kobold.
You kill the kobold!
You feel sick. The scorpion stings you.
You are more poisoned.
The scorpion poisons you!
Fire: a) +0 shortbow
Press: ? - help, Q - select action Shift-Dir - straight line, f/p - scorpion
Aim: a scorpion (moderately wounded, 64% to hit)
You shoot an arrow. The arrow hits the scorpion!
The scorpion is severely wounded.
You feel very sick. The scorpion stings you. x2
Fire: a) +0 shortbow
Press: ? - help, Q - select action Shift-Dir - straight line, f/p - scorpion
Aim: a scorpion (severely wounded, 64% to hit)
You shoot an arrow. The arrow barely misses the scorpion.
The arrow hits the orc!
You kill the orc!
You feel very sick. The scorpion stings you.
* * * LOW HITPOINT WARNING * * *
Fire: a) +0 shortbow
Press: ? - help, Q - select action Shift-Dir - straight line, f/p - scorpion
Aim: a scorpion (severely wounded, 64% to hit)
You shoot an arrow. The arrow hits the scorpion.
The scorpion is almost dead.
You feel very sick. The scorpion closely misses you. The scorpion misses you.
It was a potion of mutation.
You feel extremely strange. A pair of antennae grows on your head!
You feel clever.
Your body twists and deforms.
You feel agile.
You feel sick. The scorpion stings you.
* * * LOW HITPOINT WARNING * * *
It was a potion of lignification.
You turn into a tree.
Your +1 pair of gloves melds into your body.
Your +0 leather armour melds into your body.
Your roots penetrate the ground.
* * * LOW HITPOINT WARNING * * *
You feel sick. The scorpion stings you.
You die...

#.#.#.##.#.####.#
######)#.#.##.#......#
#..).#.#.#....#.#.####
#.##.#.#.##.......#
#)##...#.....#.####
#.############.#
#.######.......#
#...).##.##..#########
#####♣##.#...##.......
#s##...#.##.......
#o##>.....'.......
#...####.##....÷..
###......##...####
#......####...#
##......######'##
##....##.........#
#................'


You could see a scorpion and an orc.

Vanquished Creatures
  A jelly (D:4)
  A quasit (D:4)
  2 orc wizards (D:3)
  A statue (D:3)
  4 gnolls (D:4)
  5 adders
  A shadow imp (D:4)
  A white imp (D:4)
  3 ufetubi (D:4)
  A dart slug (D:2)
  12 orcs
  4 bats
  4 endoplasms
  6 goblins
  3 hobgoblins
  10 jackals
  4 kobolds
  5 quokkas
  6 ball pythons
  2 frilled lizards (D:2)
  A rat (D:1)
77 creatures vanquished.

Vanquished Creatures (others)
  5 demonic plants (D:4)
  2 plants (D:3)
7 creatures vanquished.

Grand Total: 84 creatures vanquished

Notes
Turn   | Place    | Note
-------+----------+-------------------------------------------
     0 | D:1      | ragingrage the Demonspawn Hunter began the quest for the
                  | Orb.
     0 | D:1      | Reached XP level 1. HP: 16/16 MP: 1/1
   439 | D:1      | Reached skill level 4 in Ranged Weapons
   443 | D:1      | Gained mutation: You sometimes gain a little power by
                  | taking damage. [demonic ancestry]
   443 | D:1      | Reached XP level 2. HP: 10/22 MP: 2/2
   548 | D:1      | Reached skill level 1 in Stealth
  1144 | D:2      | Gained mutation: You regenerate magic rapidly. [demonic
                  | ancestry]
  1144 | D:2      | Reached XP level 3. HP: 12/27 MP: 3/3
  2068 | D:3      | Found a radiant altar of Vehumet.
  2068 | D:3      | Noticed a frost-covered statue
  2089 | D:3      | Killed a frost-covered statue
  2090 | D:3      | Reached XP level 4. HP: 33/33 MP: 4/4
  2090 | D:3      | Found a runed translucent gate.
  2090 | D:3      | Found a runed translucent gate.
  2090 | D:3      | Found a runed translucent gate.
  2095 | D:3      | Noticed timneilson's ghost (weakling DsGl)
  2349 | D:3      | Reached skill level 5 in Ranged Weapons
  2349 | D:3      | Gained mutation: You are partially covered in large bone
                  | plates. (SH +4) [demonic ancestry]
  2349 | D:3      | Reached XP level 5. HP: 29/38 MP: 5/5
  3095 | D:4      | Reached XP level 6. HP: 43/44 MP: 6/6
  3262 | D:4      | Gained mutation: You have a pair of small antennae on your
                  | head. [potion of mutation]
  3262 | D:4      | Gained mutation: Your mind is acute. (Int +4, Str/Dex -1)
                  | [potion of mutation]
  3262 | D:4      | Gained mutation: Armour fits poorly on your strangely
                  | shaped body. [potion of mutation]
  3262 | D:4      | Gained mutation: You are agile. (Dex +4, Str/Int -1)
                  | [potion of mutation]
  3262 | D:4      | HP: 2/44 [scorpion (6)]
  3263 | D:4      | Slain by a scorpion

Illustrated notes

Levels and vault maps discovered:
D:1:      zelgadis_glass_arrival_small, layout_loops_cross
D:2:      layout_loops_ring, corexii_leaking_fountain
D:3:      kb_forest_paths, layout_loops_corners, vehumet_statue,
          gammafunk_ghost_split, serial_bayou_pond_c
D:4:      layout_basic, serial_demonic, serial_demonic_f, serial_demonic_c,
          serial_demonic_c, serial_demonic_c, serial_demonic_a,
          hangedman_decor_points, minmay_hedge_maze, uniq_pikel

Skill      XL: |  1  2  3  4  5  6 |
---------------+-------------------+-----
Ranged Weapons | 4 5 |  5.8
Stealth        | 1 2 3 4 |  4.0
Fighting       | |  2.0
Dodging        | |  1.7

Action                   |  1- 3 |  4- 6 || total
-------------------------+-------+-------++-------
 Fire: Shortbow          |   128 |   121 ||   249
  Use: Scroll            |       |     1 ||     1
       Potion            |       |     2 ||     2
Armor: Leather armour    |    32 |    15 ||    47
Dodge: Dodged            |    51 |    41 ||    92
Block: Other             |       |     9 ||     9

Table legend: (Time is in decaauts)
 A = Elapsed time spent in this place.
 B = Non-inter-level travel time spent in this place.
 C = Inter-level travel time spent in this place.
 D = Time resting spent in this place.
 E = Time spent auto-exploring this place.
 F = Levels seen in this place.
 G = Mean time per level.
                   A        B        C        D        E       F      G
               +--------+--------+--------+--------+--------+-----+--------+
         Total |   3347 |   3166 |    181 |    689 |   1891 |   4 |  836.8 |
       Dungeon |   3347 |   3166 |    181 |    689 |   1891 |   4 |  836.8 |
               +--------+--------+--------+--------+--------+-----+--------+

Top non-repeatable levels by time:
     D:1: 1132 daAuts
     D:2: 941 daAuts
     D:4: 727 daAuts
     D:3: 546 daAuts
